 Dungeon Crawl Stone Soup version 0.25.1-8-g42b30a86e7 (webtiles) character file.

Game seed: 12074034297610170192

29 raphaelitos the Shooter (level 3, 0/29 HPs)
             Began as a Centaur Hunter on Dec 12, 2020.
             Slain by Terence
             ... wielding a +0 trident
              (10 damage)
             ... on level 2 of the Dungeon.
             The game lasted 00:03:54 (830 turns).

raphaelitos the Shooter (Centaur Hunter)             Turns: 830, Time: 00:03:55

Health: 0/29       AC:  4    Str: 14    XL:     3   Next: 1%
Magic:  3/3        EV:  9    Int: 10    God:
Gold:   101        SH:  0    Dex: 10    Spells: 2/2 levels left

rFire    . . .     SeeInvis .   b - +0 short sword
rCold    . . .     Gourm    .   (no shield)
rNeg     . . .     Faith    .   c - +0 leather armour
rPois    .         Spirit   .   (no helmet)
rElec    .         Reflect  .   (no cloak)
rCorr    .         Harm     .   (no gloves)
MR       .....                  (no barding)
Stlth    +.........             (no amulet)
HPRegen  0.09/turn              i - ring of flight
MPRegen  0.08/turn              (no ring)

@: very quick
A: large, hooves 3, deformed body, speed 2, tough skin 3
a: Evoke Flight


You were on level 2 of the Dungeon.
You were not hungry.

You visited 1 branch of the dungeon, and saw 2 of its levels.

You collected 101 gold pieces.

Inventory:

Hand Weapons
 a - a +1 shortbow
 b - a +0 short sword (weapon)
Missiles
 m - 13 poisoned darts (quivered)
Armour
 c - a +0 leather armour (worn)
Jewellery
 i - a ring of flight (left hand)
Scrolls
 e - a scroll of identify {unknown}
 h - a scroll of teleportation
 l - a scroll of remove curse
Potions
 j - a potion of might {unknown}
 n - a potion of invisibility {unknown}
Comestibles
 f - 4 rations


   Skills:
 + Level 2.0 Fighting
 + Level 0.3 Short Blades
 + Level 6.3 Bows
 + Level 0.2 Armour
 + Level 1.4 Dodging
 + Level 0.4 Stealth


You had 2 spell levels left.
You didn't know any spells.
Your spell library was empty.

Dungeon Overview and Level Annotations

Branches:
Dungeon (2/15)

Altars:

Annotations:
D:2 Terence


Innate Abilities, Weirdness & Mutations

You have hooves in place of feet.
Armour fits poorly on your strangely shaped body.
You cover ground very quickly.
You have extremely tough skin. (AC +3)


Message History

You climb downwards.
Level annotation: Terence The leopard gecko bites you. x2
There is a stone staircase leading up, spattered with blood here.
The leopard gecko bites you.
You hit Terence. You kick Terence, but do no damage.
Terence is moderately wounded.
Terence hits you with a +0 trident. The leopard gecko closely misses you.
You hit Terence. You kick Terence, but do no damage.
Terence is heavily wounded.
Terence closely misses you. The leopard gecko barely misses you.
The leopard gecko bites you but does no damage.
You barely miss Terence.
Terence is heavily wounded.
Terence hits you with a +0 trident.
The leopard gecko bites you but does no damage.
You hit Terence but do no damage.
Terence is heavily wounded.
Terence hits you with a +0 trident!
You die...

....####......###.##...(..(
. #....>.........#......#
#.###.###.###..#.....## #.#
#.....#..).#......#
#.###.#####.##.#(......
#.รท.......#..#.#...((..
########.....#..#.#......[
........<..###l##...(....(
##.#.#.#.....<@@.#.######
#......######.#.#
######........#.#
........#.# ######.##.# #.
.# ## ##


You could see Terence and a leopard gecko.

Vanquished Creatures
  2 dart slugs (D:1)
  3 giant cockroaches (D:1)
  A goblin (D:1)
  6 hobgoblins (D:1)
  4 kobolds (D:1)
  A bat (D:1)
  3 frilled lizards (D:1)
  4 rats
24 creatures vanquished.

Notes
Turn   | Place    | Note
-------+----------+-------------------------------------------
     0 | D:1      | raphaelitos the Centaur Hunter began the quest for the Orb.
     0 | D:1      | Reached XP level 1. HP: 17/17 MP: 1/1
    93 | D:1      | Reached XP level 2. HP: 24/24 MP: 2/2
   136 | D:1      | Reached skill level 6 in Bows
   478 | D:2      | Reached XP level 3. HP: 29/29 MP: 3/3
   525 | D:2      | Noticed Terence
   830 | D:2      | Slain by Terence

Illustrated notes

Levels and vault maps discovered:
D:1:      mushboom_english_gardens, layout_rooms
D:2:      layout_basic, riverfiend_overflow_shadow_ancestor,
          yredelemnul_forgotten_temple_becter, lemuel_crystal_altar,
          vehumet_crystals, uniq_terence, uniq_natasha

Skill      XL: |  1  2 |
---------------+-------+-----
Bows           | 6 |  6.3
Fighting       | |  2.0
Short Blades   | |  0.3
Armour         | |  0.2
Dodging        | |  1.4
Stealth        | |  0.4

Action                   || total
-------------------------++-------
Melee: Short sword       ||     7
       Kick              ||     3
 Fire: Shortbow          ||    75
  Use: Scroll            ||     4
Armor: Leather armour    ||     7
Dodge: Dodged            ||    14
